 Dungeon Crawl Stone Soup version 0.19-a0-1268-g6c5d9f8 (webtiles) character file.

123 Cath the Chopper (level 4, -1/39 HPs)
             Began as a Minotaur Fighter on Aug 29, 2016.
             Killed from afar by an orc wizard (3 damage)
             ... with a magic dart
             ... on level 3 of the Dungeon.
             The game lasted 00:05:45 (1511 turns).

Cath the Chopper (Minotaur Fighter)                 Turns: 1511, Time: 00:05:46

Health: -1/39      AC:  6    Str: 22    XL:     4   Next: 80%
Magic:  3/3        EV:  7    Int:  5    God:
Gold:   104        SH:  9    Dex:  9    Spells: 0 memorised, 3 levels left

rFire  . . .     SeeInvis .     a - +0 war axe
rCold  . . .     Gourm    .     b - +0 scale mail
rNeg   . . .     Faith    .     c - +0 shield
rPois  .         Spirit   .     (helmet restricted)
rElec  .         Dismiss  .     (no cloak)
rCorr  .         Reflect  .     (no gloves)
MR     .....     Harm     .     (no boots)
Stlth  ..........               (no amulet)
                                (no ring)
                                (no ring)

@: slowed, very slow
A: retaliatory headbutt, horns 2
a: no special abilities


You were on level 3 of the Dungeon.
You were very hungry.

You visited 1 branch of the dungeon, and saw 3 of its levels.

You collected 104 gold pieces.

Inventory:

Hand Weapons
 a - a +0 war axe (weapon)
 e - a +0 club
Armour
 b - a +0 scale mail (worn)
 c - a +0 shield (worn)
Scrolls
 i - 4 scrolls of identify {unknown}
 m - a scroll of random uselessness {unknown}
 p - a scroll of teleportation {unknown}
 q - a scroll of noise {unknown}
 s - a scroll of amnesia {unknown}
Potions
 d - a potion of might
 h - a potion of lignification {unknown}
 j - 2 potions of ambrosia {unknown}
 k - a potion of invisibility {unknown}
 l - a potion of agility {unknown}
 n - a potion of mutation {unknown}
 o - 2 potions of haste {unknown}
 t - a potion of berserk rage {unknown}
 u - 2 potions of heal wounds {unknown}
Comestibles
 f - 6 bread rations
 g - a slice of pizza
 r - a meat ration


   Skills:
 - Level 3.6 Fighting
 + Level 6.1 Axes
 - Level 3.6 Armour
 - Level 3.6 Shields


You had 3 spell levels left.
You didn't know any spells.

Dungeon Overview and Level Annotations

Branches:
Dungeon (3/15)

Altars:
Elyvilon
Yredelemnul


Innate Abilities, Weirdness & Mutations

You reflexively headbutt those who attack you in melee.
You have a pair of horns on your head.


Message History

Beogh smites you!
* * * LOW HITPOINT WARNING * * *
The orc wizard gestures at you while chanting.
The magic dart hits you!
The orc priest mumbles some strange prayers to Beogh against you.
Beogh smites you!
* * * LOW HITPOINT WARNING * * *
The orc wizard gestures wildly while chanting.
The orc wizard seems to speed up.
You block the orc's attack.
The orc wizard gestures at you while chanting.
You feel yourself slow down.
The orc wizard hits you but does no damage.
You block the orc wizard's attack. The orc wizard barely misses you.
You block the orc wizard's attack.
The orc wizard mumbles some strange words.
The orc wizard blinks!
The orc wizard casts a spell at you. The magic dart hits you!
You die...

#..#.# #..#.#
#########..#.#####
#####........^.......#
................o###.###
########.........o.....#
###......oo§....#
##....#......o#
##...#@......#
#...........#
##..........#
#..........#
#....####### #....#
#....# #....# #....#


You could see an orc priest, 2 orc wizards and 2 orcs.

Vanquished Creatures
  Ijyb (D:2)
  Jessica (D:2)
  An adder (D:2)
  An ooze (D:1)
  A worm (D:3)
  A giant gecko (D:2)
  3 bats
  2 giant cockroaches
  11 goblins
  8 hobgoblins
  4 kobolds
  2 quokkas (D:2)
  2 ball pythons
  A giant newt (D:2)
  13 rats
52 creatures vanquished.

Notes
Turn   | Place    | Note
-------+----------+-------------------------------------------
     0 | D:1      | Cath the Minotaur Fighter began the quest for the Orb.
     0 | D:1      | Reached XP level 1. HP: 19/19 MP: 0/0
    79 | D:1      | Reached skill level 3 in Axes
    87 | D:1      | Reached XP level 2. HP: 26/26 MP: 1/1
   188 | D:1      | Reached skill level 4 in Axes
   365 | D:1      | Reached XP level 3. HP: 31/31 MP: 2/2
   716 | D:2      | Noticed Jessica
   720 | D:2      | Killed Jessica
   720 | D:2      | Reached skill level 5 in Axes
   758 | D:2      | Reached XP level 4. HP: 32/39 MP: 3/3
   876 | D:2      | Found a basalt altar of Yredelemnul.
   944 | D:2      | Found a white marble altar of Elyvilon.
  1187 | D:2      | Noticed Ijyb
  1195 | D:2      | Killed Ijyb
  1195 | D:2      | Reached skill level 6 in Axes
  1506 | D:3      | HP: 1/39 [orc priest/divine providence (7)]
  1511 | D:3      | Killed from afar by an orc wizard

Vault maps used:
D:1:      erik_arrival_orb_chamber
D:2:      kennysheep_ying_yang, first_bread, uniq_jessica, uniq_iyjb
D:3:      minmay_large_rounded_square, grunt_qazlal_clouds

Skill      XL: |  1  2  3  4 |
---------------+-------------+-----
Axes           | 3 4 5 6 |  6.1
Fighting       | |  3.6
Armour         | |  3.6
Shields        | |  3.6

Action                   |  1- 3 |  4- 6 || total
-------------------------+-------+-------++-------
Melee: War axe           |    57 |    51 ||   108
       Headbutt          |    17 |     9 ||    26
  Eat: Chunk             |       |     1 ||     1
Armor: Scale mail        |    18 |    18 ||    36
Dodge: Dodged            |    11 |    14 ||    25
Block: Shield            |    19 |    27 ||    46
